Match 43387495
Unlisted

Match 43387495
End
Construct Infanterie Kompanie
Kettenkrad Recon Vehicle
Grenadier Squad
MG 42 Machine Gun Team
GrW 34 Mortar Team
Construct Luftwaffe Kompanie
221 Scout Car
Jäger Squad
Luftwaffe Officer Quarters
Flak 30 Anti-aircraft Gun Team
Jäger Squad
Selects Terror Battlegroup
Selects Heavy Gunnery
Pioneer Squad
Construct Panzer Kompanie
Jäger Squad
Stoßtruppen Squad
Panzer IV Medium Tank
Panzer Officer Quarters
MG 42 Machine Gun Team
MG 42 Machine Gun Team
Panzer IV Medium Tank
Stoßtruppen Squad
Selects Defend the Fatherland
Selects Contempt for the Weak
Selects Contempt for the Weak
Selects Jericho Trumpet
Selects V1 Rocket Strike
V1 Rocket Strike
V1 Rocket Strike
Construct Panzergrenadier Kompanie
Panzer IV Medium Tank
Side Skirts
Stoßtruppen Squad
V1 Rocket Strike
Stoßtruppen Squad
Selects King Tiger Heavy Tank
Selects King Tiger Heavy Tank
King Tiger Heavy Tank
Stoßtruppen Squad
Kettenkrad Recon Vehicle
MiniMike
RagingJenni
Knobnob
Max1boy
SneaKerz
gb_gbg
0
0

Comments sign in to comment!

No comments posted yet!